 Dungeon Crawl Stone Soup version 0.17-a0-1945-gfe993df (webtiles) character file.

674 derrpe the Destroyer (level 7, 0/50 HPs)
             Began as a Demigod Conjurer on Oct 1, 2015.
             Succumbed to poison (a potion of poison)
             ... on level 3 of the Dungeon.
             The game lasted 00:06:50 (4779 turns).

derrpe the Destroyer (Demigod Conjurer)             Turns: 4779, Time: 00:06:50

Health: 0/50       AC:  4    Str: 12 (13) XL:     7   Next: 11%
Magic:  1/12       EV: 12    Int: 28      God:
Gold:   127        SH:  0    Dex: 16      Spells: 3 memorised, 3 levels left

rFire  + . .     SeeInvis .     g - +0 dagger (speed)
rCold  . . .     Clarity  .     a - +0 robe
rNeg   . . .     SustAt   +     (no shield)
rPois  +         Gourm    .     (no helmet)
rElec  .         Spirit   .     (no cloak)
rCorr  +         Warding  .     (no gloves)
rMut   .         Stasis   .     y - +1 pair of boots {Stlth+}
MR     .....                    f - amulet of resist corrosion
Stlth  +++.......               (no ring)
                                (no ring)

@: brilliant, lethally poisoned (0 -> -9), very slightly contaminated, hasted,
invisible, very quick, not resistant to hostile enchantments, fairly stealthy
A: fire resistance 1, high mp 1, poison resistance, strong 1, sustain attributes
a: no special abilities


You were on level 3 of the Dungeon.
You were hungry.

You visited 1 branch of the dungeon, and saw 4 of its levels.

You collected 127 gold pieces.

Inventory:

Hand weapons
 g - a +0 dagger of speed (weapon)
Armour
 a - a +0 robe (worn)
 h - a +0 buckler
 y - a +1 pair of boots of stealth (worn)
Jewellery
 f - an amulet of resist corrosion (around neck)
Scrolls
 e - a scroll of noise {unknown}
 j - a scroll of magic mapping {unknown}
 k - 8 scrolls of identify {unknown}
 o - a scroll of random uselessness {unknown}
 r - 2 scrolls of recharging {unknown}
 t - a scroll of immolation {unknown}
 u - a scroll of remove curse {unknown}
 v - a scroll of teleportation {unknown}
 x - a scroll of amnesia {unknown}
Potions
 n - a potion of agility {unknown}
 q - 4 potions of poison
 w - a potion of ambrosia {unknown}
 z - a potion of invisibility
Books
 b - a book of Conjurations

   Spells                             Type                      Level
   a - Magic Dart                     Conjuration                  1
   b - Searing Ray                    Conjuration                  2
   c - Dazzling Spray                 Conjuration/Hexes            3
   d - Fulminant Prism                Conjuration/Hexes            4
   e - Iskenderun's Mystic Blast      Conjuration                  4
   f - Iskenderun's Battlesphere      Conjuration/Charms           5
Comestibles
 c - 3 bread rations {@e1}
 l - 2 beef jerkies
 m - 3 fruits
 p - a slice of pizza


   Skills:
 - Level 1.7 Dodging
 - Level 1.7 Stealth
 - Level 1.7 Spellcasting
 + Level 8.3 Conjurations


You had 3 spell levels left.
You knew the following spells:

 Your Spells              Type           Power        Failure   Level  Hunger
a - Magic Dart            Conj           ####         1%          1    #......
b - Searing Ray           Conj           ######       1%          2    ##.....
c - Dazzling Spray        Conj/Hex       #####...     1%          3    ###....


Dungeon Overview and Level Annotations

Branches:
Dungeon (4/15)
 Temple: D:4-7


Innate Abilities, Weirdness & Mutations

You have an increased reservoir of magic (+10% MP).
Your attributes are resistant to harm.
Your flesh is heat resistant.
Your system is resistant to poisons.
Your muscles are strong. (Str +2)


Message History

It was a potion of invisibility.
You fade into invisibility!
* * * LOW HITPOINT WARNING * * *
You feel sick. The adder closely misses you.
Drink which item? (? for menu, Esc to quit)
It was a potion of degeneration.
There was something very wrong with that liquid.
You feel somewhat weakened.
* * * LOW HITPOINT WARNING * * *
You feel sick. The adder barely misses you.
Drink which item? (? for menu, Esc to quit)
It was a potion of brilliance.
You feel clever all of a sudden. The adder closely misses you.
Quiver which item? (- for none, * to show all) (? for menu, Esc to quit)
Okay, then.
Drink which item? (? for menu, Esc to quit)
It was a potion of mutation.
You feel extremely strange.
You feel resistant to heat.
You feel stronger.
You feel resistant to poisons.
You die...

.....###.....####.......##
####.#
..........(..##...#######
#.# .###...###........# ##.#
......(###...#[#### #..#
...#.......#....## #.##
..............#..##########
#.#
...#.###.....###..........#
#g# .....#
##....#####........# #.#
..#### ##.#..)S@.........##
#)# ..#
###.#...###.........# #.#
#.# ###...#.#.#
#.........###.# #.##
#...###.#.####.######.##..##
...###.###
#.#..###.####...##....
...##..#
#.##..##....#.####....
....#.######.###..####...#
#.#.. .......)..##.#
##........####.#..
#####.##.....#
#........##...#..


You could see an adder.

Vanquished Creatures
  Pikel (D:3)
  An orc wizard (D:3)
  4 gnolls
  6 adders
  2 worms
  A giant gecko (D:2)
  4 orcs (D:3)
  4 ball pythons
  9 giant cockroaches
  12 goblins
  8 hobgoblins
  3 jackals (D:1)
  13 bats
  4 giant newts
  9 kobolds
  13 rats
94 creatures vanquished.

Notes
Turn   | Place    | Note
--------------------------------------------------------------
     0 | D:1      | derrpe the Demigod Conjurer began the quest for the Orb.
     0 | D:1      | Reached XP level 1. HP: 14/14 MP: 5/5
   447 | D:1      | Reached skill level 4 in Conjurations
   505 | D:1      | Reached XP level 2. HP: 20/20 MP: 1/7
  1404 | D:1      | Reached XP level 3. HP: 26/26 MP: 5/8
  1764 | D:2      | Reached skill level 5 in Conjurations
  2367 | D:2      | Reached XP level 4. HP: 33/33 MP: 3/9
  3314 | D:3      | Learned a level 2 spell: Searing Ray
  3318 | D:3      | Learned a level 3 spell: Dazzling Spray
  4053 | D:3      | Reached skill level 6 in Conjurations
  4053 | D:3      | Reached XP level 5. HP: 38/38 MP: 5/10
  4650 | D:4      | Noticed Pikel
  4650 | D:4      | Noticed a slave
  4650 | D:4      | Noticed a slave
  4650 | D:4      | Noticed a slave
  4728 | D:4      | Noticed a slave
  4770 | D:3      | Killed Pikel
  4770 | D:3      | Reached skill level 8 in Conjurations
  4770 | D:3      | Reached XP level 6. HP: 4/45 MP: 2/11
  4770 | D:3      | Reached XP level 7. HP: 4/50 MP: 2/12
  4775 | D:3      | HP: 2/50 [poison (a potion of poison)]
  4779 | D:3      | Gained mutation: Your flesh is heat resistant. [potion of mutation]
  4779 | D:3      | Gained mutation: Your muscles are strong. (Str +2) [potion of mutation]
  4779 | D:3      | Gained mutation: Your system is resistant to poisons. [potion of mutation]
  4779 | D:3      | Succumbed to poison (a potion of poison)

Vault maps used:
D:1:      dpeg_arrival_rooms_b, minivault_19
D:2:      kennysheep_cross_bottleneck, grunt_decor_arrowhead
D:4:      corexii_shantytown, kennysheep_little_box, first_bread,
          serial_bayou_crossing, uniq_pikel

Action                   |  1- 3 |  4- 6 |  7- 9 || total
-------------------------+-------+-------+-------++-------
Melee: Unarmed           |     7 |       |       ||     7
       Dagger            |    17 |     6 |       ||    23
 Cast: Magic Dart        |   109 |    93 |       ||   202
       Searing Ray       |       |     6 |       ||     6
  Use: Potion            |       |       |     7 ||     7
  Eat: Chunk             |     6 |     8 |       ||    14
